[Event "British Championship 2024"]
[Site "Hull"]
[Date "2024.07.31"]
[Round "3.18"]
[White "Willow, Jonah B"]
[Black "Hryshchenko, Kamila"]
[Result "1-0"]
[Annotator "TA"]
[ECO "B06"]
[WhiteElo "2422"]
[BlackElo "2161"]
[PlyCount "81"]
[EventDate "2024.07.31"]
[EventCountry "GBR"]
[SourceTitle "playchess.com"]
[Source "ChessBase"]
[SourceQuality "1"]
[TimeControl "40/5400+30:1800+30"]

1. e4 d6 2. d4 g6 3. Nc3 Bg7 4. Be3 a6 5. h4 h5 6. f3 Nf6 7. Nh3 Bxh3 8. Rxh3 {[%emt 0:00:03] White is slightly better.} Nbd7 9. a4 c6 10. a5 b5 11. axb6 Qxb6 12. Na4 Qc7 13. Qd2 O-O 14. Kf2 Rfb8 15. Be2 (15. Bf4 $11) 15... e5 $1 $15 16. c4 Rb3 (16... d5 $17 17. cxd5 cxd5) 17. d5 $14 Kh7 18. Bd1 Rb7 19. Rh1 a5 20. Bc2 (20. g3 $14) 20... Rb4 21. b3 Rc8 (21... cxd5 $14 22. cxd5 Ng8) 22. dxc6 $16 Qxc6 23. Rhd1 Bf8 24. Bg5 (24. Kf1 $142) 24... Be7 (24... Ne8 $142) 25. Nc3 Qb6+ 26. Qe3 {[%emt 0:03:59] Active counter play!} Qb8 {[%emt 0:12:35][%cal Od6d5] [#] ...d5! would now be deadly.} 27. Kf1 ({Don't play} 27. Rxa5 $6 Bd8 28. Ra6 Bb6 29. Rxb6 Rxb6 $11) 27... Bd8 (27... Nc5 $142) 28. Qd2 Bb6 (28... Rc6 $16 {was worth a try.} 29. Nb5 Kg7) 29. Qxd6 $18 Bd4 30. Rxd4 exd4 31. Qxd4 Rc6 (31... Qb6 {was necessary.} 32. Qxb6 Rxb6 33. Rxa5 Nf8) 32. Nd5 {[%emt 0:01:29] White is clearly winning.} Nxd5 33. Qxd5 Ne5 34. Bf4 ({Not} 34. Qxa5 Rb7 35. Qc3 Nd7 $18) 34... Re6 35. Rxa5 Nxc4 36. Bxb8 Ne3+ 37. Kf2 Nxd5 38. exd5 Re8 39. Ba7 Ra8 {[%emt 0:00:30] [#]} 40. Bb6 $1 Rc8 (40... Rxa5 41. Bxa5) 41. Bc5 {[%emt 0:00:56] Weighted Error Value: White=0.14 (very precise) /Black=0.43.  Mistake:       	White=3     	Black=6      Inaccurate:     	White=3     	Black=2      OK:         	White=8     	Black=7      Best:        	White=3     	Black=2      Strong:       	---       	Black=1} 1-0

[Event "British Championship 2024"]
[Site "Hull"]
[Date "2024.07.31"]
[Round "3.19"]
[White "Kanyamarala, Tarun"]
[Black "Badacsonyi, Stanley"]
[Result "1-0"]
[Annotator "RC"]
[ECO "E73"]
[WhiteElo "2333"]
[BlackElo "2132"]
[PlyCount "77"]
[EventDate "2024.07.31"]
[EventCountry "GBR"]
[SourceTitle "playchess.com"]
[Source "ChessBase"]
[SourceQuality "1"]
[TimeControl "40/5400+30:1800+30"]

1. d4 Nf6 2. c4 g6 3. Nc3 Bg7 4. e4 d6 5. Be2 O-O 6. h3 c5 7. d5 b5 8. cxb5 a6 9. a4 axb5 10. Bxb5 Na6 11. Nf3 Nc7 12. Bc4 Ba6 13. Qe2 Bxc4 14. Qxc4 Qb8 15. Nd2 Qb4 16. a5 Rfb8 17. Ra4 Qxc4 18. Nxc4 Rb4 19. Rxb4 cxb4 20. Na2 Nxe4 21. Nxb4 Nf6 22. Ke2 Nfxd5 23. Nxd5 Nxd5 24. Bd2 Nc7 25. Nb6 Rb8 26. Rc1 Rb7 27. Na8 Ne6 28. Rc8+ Bf8 29. b4 f5 30. Kd3 Kf7 31. a6 Ra7 32. b5 Nc5+ 33. Rxc5 dxc5 34. Nc7 c4+ 35. Kc2 c3 36. b6 Rxa6 37. Nxa6 cxd2 38. b7 d1=N 39. Kxd1 1-0

[Event "British Championship 2024"]
[Site "Hull"]
[Date "2024.07.31"]
[Round "3.20"]
[White "Banerjee, Supratit"]
[Black "Eggleston, David J"]
[Result "0-1"]
[Annotator "RC"]
[ECO "B22"]
[WhiteElo "2115"]
[BlackElo "2335"]
[PlyCount "120"]
[EventDate "2024.07.31"]
[EventCountry "GBR"]
[SourceTitle "playchess.com"]
[Source "ChessBase"]
[SourceQuality "1"]
[TimeControl "40/5400+30:1800+30"]

1. e4 c5 2. c3 Nf6 3. e5 Nd5 4. Nf3 Nc6 5. Bc4 e6 6. d4 cxd4 7. cxd4 d6 8. O-O Be7 9. Qe2 O-O 10. Nc3 Nxc3 11. bxc3 dxe5 12. dxe5 Qa5 13. Rb1 Rd8 14. h4 Qxc3 15. Bd2 Qa3 16. Rfc1 a6 17. Qe4 Qa4 18. Bg5 Rb8 19. h5 h6 20. Be3 Bd7 21. Qg4 Kh8 22. Bb6 Rdc8 23. Qf4 Be8 24. Qd2 Ba3 25. Rc2 Nd4 26. Qxd4 Qxc2 27. Bd3 Qc6 28. Be4 Qc4 29. Ba7 Qxd4 30. Nxd4 b5 31. Bxb8 Rxb8 32. Nc6 Rc8 33. Na5 Rc1+ 34. Rxc1 Bxc1 35. g3 Bd2 36. Nb7 Kg8 37. f4 Bd7 38. Nd6 Bb4 39. Kf2 Kf8 40. Ke3 f6 41. Bb7 fxe5 42. fxe5 Ke7 43. Ne4 a5 44. Kd4 Ba3 45. Nc5 Be8 46. g4 Bb2+ 47. Ke4 a4 48. Nd3 Bc3 49. Ba6 Bc6+ 50. Ke3 a3 51. Ke2 Bd5 52. Bxb5 Bxa2 53. Nc1 Bd5 54. Kd3 Bxe5 55. Kc2 a2 56. Nxa2 Bxa2 57. Kd3 Kf6 58. Ke3 Bd5 59. Be2 Kg5 60. Bd1 Bg2 0-1

[Event "British Championship 2024"]
[Site "Hull"]
[Date "2024.07.31"]
[Round "3.21"]
[White "Ledger, Andrew J"]
[Black "Khoury, Theo"]
[Result "1/2-1/2"]
[Annotator "RC"]
[ECO "D36"]
[WhiteElo "2334"]
[BlackElo "2057"]
[PlyCount "77"]
[EventDate "2024.07.31"]
[EventCountry "GBR"]
[SourceTitle "playchess.com"]
[Source "ChessBase"]
[SourceQuality "1"]
[TimeControl "40/5400+30:1800+30"]

1. d4 d5 2. c4 e6 3. Nc3 Nf6 4. Bg5 Be7 5. e3 h6 6. Bh4 O-O 7. Qc2 Re8 8. a3 Nbd7 9. cxd5 exd5 10. Bd3 c6 11. Nf3 Ne4 12. Bxe7 Qxe7 13. O-O Nb6 14. a4 a6 15. a5 Nd7 16. Bxe4 dxe4 17. Nd2 Nf6 18. Na4 Bf5 19. Ra3 h5 20. Nc5 h4 21. Rb3 Rab8 22. f3 Bg6 23. Ndxe4 Nxe4 24. fxe4 Bxe4 25. Nxe4 Qxe4 26. Qxe4 Rxe4 27. Rc1 Rbe8 28. Kf2 f5 29. Kf3 R8e7 30. Rc5 g6 31. d5 cxd5 32. Rxd5 Kg7 33. Rd6 Kh6 34. Rd4 Kg5 35. Rxe4 fxe4+ 36. Ke2 Re5 37. Rxb7 Rxa5 38. h3 Rd5 39. Re7 1/2-1/2

[Event "British Championship 2024"]
[Site "Hull"]
[Date "2024.07.31"]
[Round "3.22"]
[White "Saunders, Aron"]
[Black "Wu, Li"]
[Result "1/2-1/2"]
[Annotator "RC"]
[ECO "B06"]
[WhiteElo "2105"]
[BlackElo "2328"]
[PlyCount "79"]
[EventDate "2024.07.31"]
[EventCountry "GBR"]
[SourceTitle "playchess.com"]
[Source "ChessBase"]
[SourceQuality "1"]
[TimeControl "40/5400+30:1800+30"]

1. e4 c5 2. Nf3 g6 3. c3 d5 4. exd5 Qxd5 5. d4 Bg7 6. Be3 Nf6 7. Be2 cxd4 8. cxd4 O-O 9. Nc3 Qa5 10. O-O Be6 11. Qd2 Nc6 12. Rfd1 Rfd8 13. Rac1 Rd7 14. h3 Bd5 15. Nxd5 Nxd5 16. Qxa5 Nxa5 17. Bd2 Nc6 18. Bb5 Rd6 19. Bxc6 Rxc6 20. Rxc6 bxc6 21. Rc1 Rc8 22. Kf1 Kf8 23. Ke2 Ke8 24. Kd3 h6 25. b3 Kd7 26. g4 e6 27. h4 Rh8 28. h5 g5 29. Rc5 f6 30. Ra5 Ra8 31. Ke4 Bf8 32. Ne1 Bd6 33. Nd3 Bc7 34. Nc5+ Ke7 35. Ra6 Bb6 36. Na4 Rd8 37. Nxb6 axb6 38. Ra7+ Rd7 39. Ra8 Rd8 40. Ra7+ 1/2-1/2

[Event "British Championship 2024"]
[Site "Hull"]
[Date "2024.07.31"]
[Round "3.23"]
[White "Subramanian, Anusha"]
[Black "Richardson, John R"]
[Result "0-1"]
[Annotator "RC"]
[ECO "E25"]
[WhiteElo "2050"]
[BlackElo "2299"]
[PlyCount "120"]
[EventDate "2024.07.31"]
[EventCountry "GBR"]
[SourceTitle "playchess.com"]
[Source "ChessBase"]
[SourceQuality "1"]
[TimeControl "40/5400+30:1800+30"]

1. c4 Nf6 2. Nc3 e6 3. d4 Bb4 4. f3 d5 5. a3 Bxc3+ 6. bxc3 c5 7. cxd5 Nxd5 8. dxc5 Qa5 9. e4 Nf6 10. Be3 O-O 11. Qb3 Nfd7 12. a4 Qc7 13. Qa3 b6 14. a5 bxc5 15. a6 c4 16. Nh3 Bxa6 17. Be2 Bb5 18. Rb1 Qc6 19. Qa5 a6 20. O-O Ne5 21. Nf2 Nbd7 22. f4 Nd3 23. e5 Rac8 24. Bf3 Qc7 25. Qa3 N7c5 26. Nxd3 Nxd3 27. Be4 Nxe5 28. fxe5 Qxe5 29. Rbe1 Qxe4 30. Bc5 Qg4 31. Bxf8 Bc6 32. Rf2 Rxf8 33. Qxa6 Bd5 34. Qd6 h6 35. Qe5 Ra8 36. h3 Qg6 37. Kh2 f6 38. Qg3 Qxg3+ 39. Kxg3 Ra3 40. Re3 Kf7 41. Rd2 f5 42. Rc2 g5 43. Ree2 f4+ 44. Kf2 Kf6 45. Red2 Be4 46. Rc1 Bd3 47. Rb2 Ra6 48. Kf3 e5 49. Kf2 e4 50. Re1 h5 51. g4 h4 52. Rd1 e3+ 53. Kf3 Re6 54. Ra1 Be4+ 55. Ke2 Bg2 56. Ke1 Bxh3 57. Ra5 Bxg4 58. Rbb5 f3 59. Rxg5 f2+ 60. Kf1 Bh3+ 0-1

[Event "British Championship 2024"]
[Site "Hull"]
[Date "2024.07.31"]
[Round "3.24"]
[White "Rathbone-Jones, Ifan"]
[Black "Mirzoeva, Elmira"]
[Result "1/2-1/2"]
[Annotator "RC"]
[ECO "A45"]
[WhiteElo "2014"]
[BlackElo "2260"]
[PlyCount "86"]
[EventDate "2024.07.31"]
[EventCountry "GBR"]
[SourceTitle "playchess.com"]
[Source "ChessBase"]
[SourceQuality "1"]
[TimeControl "40/5400+30:1800+30"]

1. d4 Nf6 2. Bf4 b6 3. Nd2 Bb7 4. e3 g6 5. h3 Bg7 6. Ngf3 O-O 7. Bd3 d6 8. Qe2 Nbd7 9. Ba6 Qc8 10. Bxb7 Qxb7 11. O-O Rfe8 12. Bh2 e5 13. dxe5 dxe5 14. a4 a6 15. Rfd1 e4 16. Ng5 Ne5 17. Nc4 Nc6 18. h4 h6 19. Nh3 b5 20. axb5 Qxb5 21. Bxc7 Rac8 22. Bh2 Nb4 23. b3 Nfd5 24. Ra5 Nc3 25. Qf1 Qxa5 26. Nxa5 Nxd1 27. Bd6 Nc6 28. Nb7 Nc3 29. Qxa6 Ne5 30. Bxe5 Bxe5 31. g3 Re6 32. Qa5 Ne2+ 33. Kg2 Rxc2 34. Nc5 Re8 35. Qb5 Rb8 36. Qa5 Bxg3 37. Nxe4 Bc7 38. Qa1 Nc3 39. Nf6+ Kg7 40. Qa7 Nb5 41. Qa1 Nc3 42. Qa7 Nb5 43. Qa1 Nc3 1/2-1/2

[Event "British Championship 2024"]
[Site "Hull"]
[Date "2024.07.31"]
[Round "3.25"]
[White "Pein, Malcolm"]
[Black "Sanger, Jake M"]
[Result "1-0"]
[Annotator "RC"]
[ECO "D94"]
[WhiteElo "2274"]
[BlackElo "2026"]
[PlyCount "82"]
[EventDate "2024.07.31"]
[EventCountry "GBR"]
[SourceTitle "playchess.com"]
[Source "ChessBase"]
[SourceQuality "1"]
[TimeControl "40/5400+30:1800+30"]

1. Nf3 Nf6 2. d4 g6 3. c4 Bg7 4. Nc3 d5 5. e3 O-O 6. cxd5 Nxd5 7. Bc4 Nb6 8. Bb3 Nc6 9. O-O e5 10. d5 Na5 11. Bc2 c6 12. e4 cxd5 13. exd5 f5 14. Bb3 Nxb3 15. Qxb3 f4 16. Rd1 Kh8 17. Ne4 Rf5 18. a4 g5 19. Nc5 g4 20. Ne6 Qf6 21. Nxg7 Kxg7 22. Nd2 Rh5 23. Nf1 Nd7 24. Bd2 b6 25. Qb5 Nc5 26. Qe8 Qf7 27. Qxf7+ Kxf7 28. Bc3 e4 29. Nd2 e3 30. fxe3 fxe3 31. Nc4 e2 32. Rd4 Ba6 33. Rf4+ Kg6 34. Ne5+ Rxe5 35. Bxe5 Re8 36. Bc3 Nd3 37. Rxg4+ Kh5 38. Rg7 Rf8 39. Rxh7+ Kg6 40. Rg7+ Kh6 41. Rxa7 Nc1 1-0

[Event "British Championship 2024"]
[Site "Hull"]
[Date "2024.07.31"]
[Round "3.27"]
[White "Madhavan, Sanjith"]
[Black "Pang, Ethan"]
[Result "1/2-1/2"]
[Annotator "RC"]
[ECO "B45"]
[WhiteElo "1998"]
[BlackElo "2164"]
[PlyCount "87"]
[EventDate "2024.07.31"]
[EventCountry "GBR"]
[SourceTitle "playchess.com"]
[Source "ChessBase"]
[SourceQuality "1"]
[TimeControl "40/5400+30:1800+30"]

1. e4 c5 2. Nf3 Nc6 3. d4 cxd4 4. Nxd4 Nf6 5. Nc3 e6 6. g3 d5 7. Bb5 Qd7 8. exd5 Nxd5 9. Qf3 a6 10. Ba4 Nxc3 11. Qxc3 b5 12. Qxc6 Qxc6 13. Nxc6 bxa4 14. O-O Bb7 15. Na5 Be4 16. c3 Rc8 17. Be3 a3 18. bxa3 Bxa3 19. Bd4 O-O 20. Rfe1 Bf5 21. Re2 Rfd8 22. Nb3 f6 23. f4 Rd5 24. Rae1 Bd6 25. Kg2 a5 26. Kg1 a4 27. Nd2 e5 28. fxe5 fxe5 29. Bxe5 Bg4 30. Re4 Bxe5 31. Rxg4 Bxc3 32. Ne4 Be5 33. Re2 g6 34. Ng5 a3 35. Rge4 Bf6 36. Ne6 Rb5 37. Nf4 Rb2 38. Kf2 Rd8 39. Kf3 Kf7 40. h4 Rd1 41. R4e3 Rf1+ 42. Kg2 Re1 43. Kf3 Rf1+ 44. Ke4 1/2-1/2

[Event "British Championship 2024"]
[Site "Hull"]
[Date "2024.07.31"]
[Round "3.29"]
[White "Mitchell, Martin"]
[Black "Pein, Jonathan"]
[Result "1/2-1/2"]
[Annotator "RC"]
[ECO "D02"]
[WhiteElo "2159"]
[BlackElo "2279"]
[PlyCount "56"]
[EventDate "2024.07.31"]
[EventCountry "GBR"]
[SourceTitle "playchess.com"]
[Source "ChessBase"]
[SourceQuality "1"]
[TimeControl "40/5400+30:1800+30"]

1. d4 d5 2. Nf3 Nf6 3. Bf4 c5 4. e3 Qb6 5. Nc3 a6 6. dxc5 Qxc5 7. Bd3 g6 8. O-O Bg7 9. Na4 Qa5 10. c4 Bg4 11. Nc3 Nc6 12. h3 dxc4 13. Bxc4 Bxf3 14. Qxf3 O-O 15. Rac1 Rac8 16. Bb3 Qb4 17. Nd5 Nxd5 18. Bxd5 Ne5 19. Bxe5 Rxc1 20. Rxc1 Bxe5 21. b3 Qd2 22. Qd1 Qxa2 23. Bxb7 a5 24. Qc2 Qxc2 25. Rxc2 Rb8 26. Rc8+ Kg7 27. Rxb8 Bxb8 28. Kf1 f5 1/2-1/2

[Event "British Championship 2024"]
[Site "Hull"]
[Date "2024.07.31"]
[Round "3.31"]
[White "Boswell, Jacob Connor"]
[Black "Lentzos, Ioanis"]
[Result "1-0"]
[Annotator "RC"]
[ECO "B41"]
[WhiteElo "2274"]
[BlackElo "2119"]
[PlyCount "111"]
[EventDate "2024.07.31"]
[EventCountry "GBR"]
[SourceTitle "playchess.com"]
[Source "ChessBase"]
[SourceQuality "1"]
[TimeControl "40/5400+30:1800+30"]

1. e4 c5 2. Nf3 e6 3. d4 cxd4 4. Nxd4 a6 5. c4 Nf6 6. Nc3 Qc7 7. a3 b6 8. f4 d6 9. Bd3 Bb7 10. O-O g6 11. f5 gxf5 12. Bg5 Nbd7 13. exf5 Qc5 14. fxe6 Qxg5 15. exd7+ Kxd7 16. Bf5+ Kc7 17. Nd5+ Kb8 18. Qb3 Rg8 19. Rf2 Nxd5 20. cxd5 b5 21. Nc6+ Bxc6 22. dxc6 Kc7 23. Qxf7+ Be7 24. a4 Rg7 25. Qd5 Qe3 26. axb5 Bh4 27. g3 Re8 28. Qf3 Qd4 29. Rd1 Qc5 30. Qd5 Re1+ 31. Kg2 Qxd5+ 32. Rxd5 axb5 33. Bd7 Re5 34. Rxe5 dxe5 35. Rf5 Kd6 36. Rxe5 Kxe5 37. c7 Rxd7 38. c8=Q Rd2+ 39. Kf3 Bg5 40. h4 Rd3+ 41. Kg4 Be3 42. Qf5+ Kd4 43. Qxb5 Rd2 44. Qd7+ Kc4 45. Qe6+ Kd4 46. b4 Kd3 47. Qb3+ Ke4 48. b5 h5+ 49. Kxh5 Kf3 50. b6 Rd6 51. Qf7+ Kxg3 52. Qg7+ Kf3 53. b7 Bf4 54. Qg4+ Ke4 55. Qxf4+ Kxf4 56. b8=Q 1-0

[Event "British Championship 2024"]
[Site "Hull"]
[Date "2024.07.31"]
[Round "3.32"]
[White "Verbytski, Oleg"]
[Black "Villiers, Thomas"]
[Result "1/2-1/2"]
[Annotator "RC"]
[ECO "C08"]
[WhiteElo "2008"]
[BlackElo "2229"]
[PlyCount "129"]
[EventDate "2024.07.31"]
[EventCountry "GBR"]
[SourceTitle "playchess.com"]
[Source "ChessBase"]
[SourceQuality "1"]
[TimeControl "40/5400+30:1800+30"]

1. e4 e6 2. d4 d5 3. Nd2 c5 4. exd5 exd5 5. Ngf3 Nf6 6. Bb5+ Bd7 7. Bxd7+ Qxd7 8. O-O c4 9. c3 Be7 10. Re1 O-O 11. Nf1 Nc6 12. Ng3 Rfe8 13. Bf4 Bd6 14. Bxd6 Qxd6 15. b4 Qf4 16. Qd2 Qxd2 17. Nxd2 Ne7 18. a4 Kf8 19. Ngf1 Nf5 20. f3 a5 21. b5 Nd7 22. Kf2 Nb6 23. Ne3 Rxe3 24. Rxe3 Nxe3 25. Kxe3 Re8+ 26. Kf2 Re6 27. Nf1 Rh6 28. Ra2 Re6 29. Ra1 h5 30. Ng3 g6 31. Nf1 Kg7 32. Ne3 Rd6 33. Ra2 Rd8 34. Ra1 Kf6 35. Ra2 Kg5 36. Ra1 Rd7 37. Ra2 h4 38. Ra1 Rd8 39. Ra2 Kf6 40. Ra1 Ke6 41. Ra2 Rh8 42. h3 Rd8 43. Ra1 Kf6 44. Ra2 Kg5 45. Ng4 Re8 46. Ne3 Re6 47. Ra1 Kf4 48. Nf1 Nd7 49. Ra2 Nf6 50. Rb2 Nh5 51. Re2 Rxe2+ 52. Kxe2 Ng3+ 53. Nxg3 Kxg3 54. Kf1 b6 55. Kg1 g5 56. Kf1 f5 57. Kg1 g4 58. hxg4 fxg4 59. fxg4 Kxg4 60. Kf2 Kf4 61. Ke2 Kg3 62. Kf1 h3 63. gxh3 Kxh3 64. Kf2 Kg4 65. Kg2 1/2-1/2

[Event "British Championship 2024"]
[Site "Hull"]
[Date "2024.07.31"]
[Round "3.33"]
[White "Shafi, Declan"]
[Black "Verma, Shlok"]
[Result "1-0"]
[Annotator "RC"]
[ECO "D36"]
[WhiteElo "2222"]
[BlackElo "2102"]
[PlyCount "77"]
[EventDate "2024.07.31"]
[EventCountry "GBR"]
[SourceTitle "playchess.com"]
[Source "ChessBase"]
[SourceQuality "1"]
[TimeControl "40/5400+30:1800+30"]

1. c4 e6 2. Nc3 d5 3. d4 Nf6 4. cxd5 exd5 5. Bg5 c6 6. Qc2 h6 7. Bh4 Be7 8. e3 O-O 9. Bd3 Re8 10. Nf3 Ne4 11. Bxe7 Qxe7 12. O-O Bf5 13. Rae1 Nd7 14. Nd2 Rad8 15. Nb3 Nxc3 16. Bxf5 Nb5 17. Bh7+ Kh8 18. Bd3 Qb4 19. Ra1 Nd6 20. a4 Rc8 21. Rfc1 b6 22. Qc3 Qxc3 23. Rxc3 a5 24. Rac1 Nb8 25. Nd2 Rc7 26. Nf3 Rec8 27. Ne5 c5 28. Be2 f6 29. Ng6+ Kg8 30. Nf4 Ne4 31. R3c2 Rc6 32. f3 Nd6 33. Nxd5 Kf7 34. dxc5 Rxc5 35. Rxc5 bxc5 36. Nb6 Rc6 37. Nc4 Nb7 38. f4 Na6 39. Bf3 1-0

[Event "British Championship 2024"]
[Site "Hull"]
[Date "2024.07.31"]
[Round "3.34"]
[White "Ledger, Dave J"]
[Black "Pal, Rohan"]
[Result "1/2-1/2"]
[Annotator "RC"]
[ECO "B47"]
[WhiteElo "2201"]
[BlackElo "2097"]
[PlyCount "73"]
[EventDate "2024.07.31"]
[EventCountry "GBR"]
[SourceTitle "playchess.com"]
[Source "ChessBase"]
[SourceQuality "1"]
[TimeControl "40/5400+30:1800+30"]

1. e4 c5 2. Nf3 e6 3. d4 cxd4 4. Nxd4 Nc6 5. Nc3 Qc7 6. Be2 a6 7. Nxc6 bxc6 8. Qd3 d5 9. Qg3 Qxg3 10. hxg3 Nf6 11. exd5 cxd5 12. Bf4 Bb4 13. Be5 Ke7 14. O-O-O Bb7 15. f3 h6 16. Rh4 Bd6 17. Bxd6+ Kxd6 18. Na4 Bc6 19. Nb6 Rab8 20. Nc4+ Ke7 21. Ne5 Bb5 22. Bxb5 Rxb5 23. Ra4 Rb6 24. Rd3 Nd7 25. Nxd7 Kxd7 26. Rda3 Ra8 27. Ra5 Ra7 28. c3 Kc6 29. Kc2 Kb7 30. b4 Ra8 31. Rc5 Rc8 32. Rxc8 Kxc8 33. Kd3 Kb7 34. Kd4 Rc6 35. Ra5 Rc4+ 36. Kd3 Kb6 37. Ra3 1/2-1/2

[Event "British Championship 2024"]
[Site "Hull"]
[Date "2024.07.31"]
[Round "3.35"]
[White "Murawski, Jan"]
[Black "Sivanandan, Bodhana"]
[Result "1/2-1/2"]
[Annotator "RC"]
[ECO "D52"]
[WhiteElo "2134"]
[BlackElo "2110"]
[PlyCount "147"]
[EventDate "2024.07.31"]
[EventCountry "GBR"]
[SourceTitle "playchess.com"]
[Source "ChessBase"]
[SourceQuality "1"]
[TimeControl "40/5400+30:1800+30"]

1. d4 d5 2. c4 c6 3. Nc3 Nf6 4. Nf3 e6 5. Bg5 Nbd7 6. e3 Qa5 7. Nd2 Bb4 8. Qc2 dxc4 9. Bxf6 Nxf6 10. Nxc4 Qc7 11. Be2 c5 12. O-O Bd7 13. a3 Bxc3 14. Qxc3 cxd4 15. Qxd4 O-O 16. Rac1 Bc6 17. Ne5 Rfd8 18. Qf4 Rac8 19. Bf3 Qb6 20. Bxc6 bxc6 21. b4 c5 22. Qc4 Qb8 23. Nf3 cxb4 24. Qxb4 Qxb4 25. axb4 Rxc1 26. Rxc1 Nd5 27. Rd1 Rc8 28. Nd4 Nxb4 29. h4 g6 30. Ra1 Ra8 31. Nb5 a6 32. Ra4 Rb8 33. Nd6 Kf8 34. Ne4 Ke7 35. g4 f5 36. gxf5 gxf5 37. Ng5 h6 38. Nf3 Kd6 39. Nd4 Rb6 40. Ra1 Nc6 41. Ne2 a5 42. Rd1+ Kc7 43. Rc1 Kd6 44. Rd1+ Ke7 45. Ra1 Rb4 46. Nf4 a4 47. Nd3 Rg4+ 48. Kf1 Rxh4 49. Ra3 e5 50. Nb2 e4 51. Nc4 Rh1+ 52. Kg2 Rb1 53. Rxa4 Nb4 54. Nd2 Rd1 55. Nxe4 Nd3 56. Ng3 Rd2 57. Nxf5+ Kf6 58. Nxh6 Rxf2+ 59. Kg3 Rf1 60. Ng4+ Kf7 61. Rd4 Nc5 62. Nh2 Rg1+ 63. Kf2 Ra1 64. Kf3 Ne6 65. Rd5 Ra4 66. Ng4 Kg6 67. Ne5+ Kf6 68. Nd7+ Ke7 69. Ne5 Ng5+ 70. Kg3 Ne4+ 71. Kg2 Ke6 72. Rb5 Nd6 73. Nd3 Nxb5 74. Nc5+ 1/2-1/2

[Event "British Championship 2024"]
[Site "Hull"]
[Date "2024.07.31"]
[Round "3.36"]
[White "Brewer, Callum D"]
[Black "Rida, Ruqayyah"]
[Result "1-0"]
[Annotator "RC"]
[ECO "C45"]
[WhiteElo "2161"]
[BlackElo "1962"]
[PlyCount "145"]
[EventDate "2024.07.31"]
[EventCountry "GBR"]
[SourceTitle "playchess.com"]
[Source "ChessBase"]
[SourceQuality "1"]
[TimeControl "40/5400+30:1800+30"]

1. e4 e5 2. Nf3 Nc6 3. d4 exd4 4. Nxd4 Nf6 5. Nxc6 bxc6 6. e5 Qe7 7. Qe2 Nd5 8. h4 d6 9. c4 Nb6 10. exd6 cxd6 11. Be3 Be6 12. Qc2 f5 13. Bg5 Qf7 14. Nd2 Be7 15. Bd3 O-O 16. O-O-O Nd7 17. Nf3 Bf6 18. Bxf6 Qxf6 19. Ng5 Nc5 20. Rhe1 Rae8 21. Re2 h6 22. Nf3 Rb8 23. Red2 Rb4 24. Qc3 Nxd3+ 25. Qxd3 Rxc4+ 26. Kb1 Bd5 27. Ka1 Ra4 28. a3 Rb8 29. Nd4 Be4 30. Qc3 Qf7 31. f3 Rc4 32. Qe3 Bd5 33. Qf4 Qb7 34. Qe3 Rf8 35. g4 f4 36. Qe2 Ra4 37. Nf5 Qb3 38. Ne7+ Kh7 39. Nxd5 cxd5 40. Rxd5 Rb8 41. Qd3+ Kg8 42. Qxb3 Rxb3 43. R1d3 Ra5 44. Rxd6 Rxd3 45. Rxd3 Kf7 46. Rd4 g5 47. hxg5 hxg5 48. Ka2 Re5 49. Rd3 Re3 50. Rc3 Ke6 51. Kb3 Ke5 52. Kc4 Re2 53. b4 Rd2 54. Rd3 Rc2+ 55. Kb5 Re2 56. a4 Rb2 57. Kc4 Rc2+ 58. Kb3 Re2 59. b5 Re1 60. a5 Rb1+ 61. Kc4 Rc1+ 62. Kb4 Rb1+ 63. Rb3 Re1 64. b6 axb6 65. a6 Kd6 66. a7 Re8 67. Kb5 Kc7 68. Ka6 b5 69. Rc3+ Kd6 70. Kb7 Re7+ 71. Kb8 Rxa7 72. Kxa7 b4 73. Rc4 1-0

[Event "British Championship 2024"]
[Site "Hull"]
[Date "2024.07.31"]
[Round "3.37"]
[White "Kanyamarala, Trisha"]
[Black "Atako, Chino C"]
[Result "1-0"]
[Annotator "RC"]
[ECO "D35"]
[WhiteElo "2219"]
[BlackElo "2003"]
[PlyCount "129"]
[EventDate "2024.07.31"]
[EventCountry "GBR"]
[SourceTitle "playchess.com"]
[Source "ChessBase"]
[SourceQuality "1"]
[TimeControl "40/5400+30:1800+30"]

1. d4 d5 2. c4 e6 3. Nf3 Nf6 4. Nc3 a6 5. cxd5 exd5 6. Bg5 Be6 7. e3 Nbd7 8. Bd3 Be7 9. O-O O-O 10. h3 Re8 11. Qc2 h6 12. Bf4 c6 13. Rad1 Nf8 14. Ne5 Bd6 15. Bh2 Qc7 16. Na4 N6d7 17. f4 f6 18. Nf3 Re7 19. Qf2 Rae8 20. Rfe1 Bf7 21. Nh4 g6 22. Nc3 c5 23. Nf3 cxd4 24. Nxd4 f5 25. Bg3 Bc5 26. Bc2 Nf6 27. Bh4 N8h7 28. Bb3 b5 29. Qf3 Rd7 30. a3 Qb6 31. Kh1 Kh8 32. Nc2 Qb7 33. Nd4 Qb6 34. Bc2 Qb7 35. Qf2 Qc7 36. Nf3 Bd6 37. Bb3 Qb7 38. Qd2 Bf8 39. Ne5 Red8 40. Nxd7 Rxd7 41. Bc2 Bc5 42. Ne2 Kg7 43. Nd4 Be7 44. Nf3 Rc7 45. Rc1 Bg8 46. Bb1 Rd7 47. Qd4 Nf8 48. b4 Ne6 49. Qb2 Rd8 50. Ne5 Rd6 51. Qf2 d4 52. exd4 Nxd4 53. Rcd1 Ne4 54. Bxe4 Bxh4 55. Qxh4 fxe4 56. Qf2 Nf5 57. Rxd6 Nxd6 58. Qb2 Kh7 59. Ng4 Qg7 60. Qd2 Nc4 61. Qd8 e3 62. Nxe3 h5 63. Nd5 Bxd5 64. Qxd5 Nb6 65. Qd8 1-0

[Event "British Championship 2024"]
[Site "Hull"]
[Date "2024.07.31"]
[Round "3.38"]
[White "Taylor, Adam A"]
[Black "Sachdeva, Ronit"]
[Result "1/2-1/2"]
[Annotator "RC"]
[ECO "A11"]
[WhiteElo "2281"]
[BlackElo "1907"]
[PlyCount "36"]
[EventDate "2024.07.31"]
[EventCountry "GBR"]
[SourceTitle "playchess.com"]
[Source "ChessBase"]
[SourceQuality "1"]
[TimeControl "40/5400+30:1800+30"]

1. Nf3 Nf6 2. g3 d5 3. Bg2 c6 4. O-O Bf5 5. d3 e6 6. c4 dxc4 7. dxc4 Qxd1 8. Rxd1 h6 9. Nc3 Nbd7 10. b3 Be7 11. Bb2 Bh7 12. Ne1 O-O 13. e4 Rfd8 14. f3 a5 15. Kf2 Nc5 16. Rxd8+ Rxd8 17. Ke3 g5 18. Ba3 Kf8 1/2-1/2

[Event "British Championship 2024"]
[Site "Hull"]
[Date "2024.07.31"]
[Round "3.39"]
[White "Beaumont, Chris R"]
[Black "Verma, Aditya"]
[Result "0-1"]
[Annotator "RC"]
[ECO "E04"]
[WhiteElo "2198"]
[BlackElo "2118"]
[PlyCount "52"]
[EventDate "2024.07.31"]
[EventCountry "GBR"]
[SourceTitle "playchess.com"]
[Source "ChessBase"]
[SourceQuality "1"]
[TimeControl "40/5400+30:1800+30"]

1. Nf3 Nf6 2. c4 e6 3. g3 d5 4. d4 dxc4 5. Bg2 a6 6. O-O Nc6 7. a4 Rb8 8. a5 b5 9. axb6 Rxb6 10. Qa4 Bd7 11. Qxc4 Nb4 12. Nc3 Be7 13. Ne5 O-O 14. Nxd7 Qxd7 15. Na4 Rb5 16. e4 Nc6 17. e5 Nd5 18. Nc3 Rb4 19. Qxa6 Nxd4 20. Rd1 c5 21. Ne4 Qc7 22. f4 Rfb8 23. Ra2 Nb3 24. Nc3 Rd4 25. Rxd4 cxd4 26. Bxd5 exd5 0-1

[Event "British Championship 2024"]
[Site "Hull"]
[Date "2024.07.31"]
[Round "3.40"]
[White "Larchikov, Maksym"]
[Black "Arnott, Jonathan W"]
[Result "1/2-1/2"]
[Annotator "RC"]
[ECO "E11"]
[WhiteElo "2181"]
[BlackElo "2104"]
[PlyCount "56"]
[EventDate "2024.07.31"]
[EventCountry "GBR"]
[SourceTitle "playchess.com"]
[Source "ChessBase"]
[SourceQuality "1"]
[TimeControl "40/5400+30:1800+30"]

1. d4 e6 2. c4 Nf6 3. Nf3 Bb4+ 4. Bd2 Qe7 5. g3 Nc6 6. Bg2 O-O 7. O-O Bxd2 8. Qxd2 Ne4 9. Qc2 f5 10. Nc3 Nxc3 11. Qxc3 d6 12. d5 Nd8 13. dxe6 Nxe6 14. Nd4 c6 15. Rad1 Rf6 16. Rfe1 f4 17. Nxe6 Bxe6 18. Qd4 fxg3 19. hxg3 Raf8 20. b3 Rxf2 21. Qxf2 Rxf2 22. Kxf2 Qf6+ 23. Kg1 Qe5 24. Rd3 Bf5 25. e4 Bg4 26. Kh2 Qh5+ 27. Kg1 Qe5 28. Kh2 Qh5+ 1/2-1/2